 Dungeon Crawl Stone Soup version 0.23-a0-512-g50a8178 (webtiles) character file.

17 CanOfBees the Conjurer (level 2, -1/20 HPs)
             Began as a Demigod Conjurer on Dec 4, 2018.
             Slain by a hobgoblin
             ... wielding a +0 club
              (5 damage)
             ... on level 2 of the Dungeon.
             The game lasted 00:02:46 (1095 turns).

CanOfBees the Conjurer (Demigod Conjurer)           Turns: 1095, Time: 00:02:46

Health: -1/20      AC:  2    Str: 17    XL:     2   Next: 30%
Magic:  0/7        EV: 12    Int: 19    God:
Gold:   65         SH:  0    Dex: 16    Spells: 2/5 levels left

rFire    . . .     SeeInvis .   (no weapon)
rCold    . . .     Gourm    .   (no shield)
rNeg     . . .     Faith    .   a - +0 robe
rPois    .         Spirit   .   (no helmet)
rElec    .         Reflect  .   (no cloak)
rCorr    .         Harm     .   (no gloves)
MR       .....                  (no boots)
Stlth    ++........             (no amulet)
HPRegen  0.06/turn              g - +2 ring of strength
MPRegen  0.10/turn              j - +4 ring of strength

@: no status effects
A: high mp 1
a: no special abilities


You were on level 2 of the Dungeon.
You were hungry.

You visited 1 branch of the dungeon, and saw 2 of its levels.

You collected 65 gold pieces.

Inventory:

Armour
 a - a +0 robe (worn)
Jewellery
 g - a +2 ring of strength (left hand)
 j - a +4 ring of strength (right hand)
Scrolls
 b - 2 scrolls of immolation {unknown}
 d - a scroll of teleportation {unknown}
 e - 4 scrolls of identify {unknown}
 f - a scroll of remove curse {unknown}
 l - a scroll of enchant armour {unknown}
Potions
 h - a potion of heal wounds {unknown}
 i - a potion of brilliance {unknown}
 k - a potion of degeneration {unknown}
Comestibles
 c - 4 rations


   Skills:
 - Level 1.7 Dodging
 - Level 1.7 Stealth
 * Level 2.4 Spellcasting
 + Level 3.8 Conjurations


You had 2 spell levels left.
You knew the following spells:

 Your Spells              Type           Power        Failure   Level  Hunger
a - Magic Dart            Conj           ###.         3%          1    #......
b - Searing Ray           Conj           ###...       4%          2    ##.....

Your spell library contained the following spells:

 Spells                   Type           Power        Failure   Level  Hunger
 Dazzling Spray           Conj/Hex       #.....       22%         3    ###....
 Iskenderun's Mystic Bla  Conj           ###.....     32%         4    #####..
 Force Lance              Conj/Tloc      #.......     58%         4    #####..
 Fulminant Prism          Conj/Hex       #.........   58%         4    #####..


Dungeon Overview and Level Annotations

Branches:
Dungeon (2/15)


Innate Abilities, Weirdness & Mutations

You have an increased reservoir of magic. (+10% MP)


Message History

Casting: Magic Dart (safe; 3% risk of failure)
Confirm with . or Enter, or press ? or * to list all spells.
Aiming: Magic Dart (safe; 3% risk of failure)
Press: ? - help, Shift-Dir - straight line, f/p - worm
Aim: a worm (moderately wounded)
The magic dart hits the worm.
The worm is heavily wounded.
Casting: Magic Dart (safe; 3% risk of failure)
Confirm with . or Enter, or press ? or * to list all spells.
Aiming: Magic Dart (safe; 3% risk of failure)
Press: ? - help, Shift-Dir - straight line, f/p - worm
Aim: a worm (heavily wounded)
The magic dart hits the worm.
The worm is severely wounded.
Unknown command.
A hobgoblin comes into view. It is wielding a +0 club.
The hobgoblin shouts!
You hear a shout!
A giant cockroach comes into view.
The hobgoblin hits you with a +0 club.
You die...

..... .....
#.# ..... .
#.# .... ♣.
#.# ..♣
.♣.## #.#
..♣ .....
#.# ..♣.♣
♣....#.#
....♣
♣♣...#.#
..♣♣♣
♣.s..g@#
..♣
♣.♣.##.#
..♣ #.# ..♣
#.# .. #w#
..♣ #.# .>.
#.# ...####
#.#
......#####
#.#


You could see a worm, a giant cockroach (wandering) and a hobgoblin.

Vanquished Creatures
  A dart slug (D:1)
  2 bats (D:1)
  2 goblins (D:1)
  3 hobgoblins (D:1)
  5 kobolds (D:1)
  A rat (D:1)
14 creatures vanquished.

Notes
Turn   | Place    | Note
-------+----------+-------------------------------------------
     0 | D:1      | CanOfBees the Demigod Conjurer began the quest for the Orb.
     0 | D:1      | Reached XP level 1. HP: 14/14 MP: 5/5
    13 | D:1      | You fall through a shaft!
   440 | D:1      | Reached XP level 2. HP: 20/20 MP: 3/7
   815 | D:1      | Learned a level 2 spell: Searing Ray
  1095 | D:2      | Slain by a hobgoblin

Vault maps used:
D:1:      dpeg_arrival_pits, st_stairs_3
D:2:      lemuel_doored_altar, chequers_ecumenical_altar_grove, uniq_jessica

Skill      XL: |  1 |
---------------+----+-----
Spellcasting   | 2 |  2.4
Dodging        | |  1.7
Stealth        | |  1.7
Conjurations   | |  3.8

Action                   || total
-------------------------++-------
Melee: Unarmed           ||    14
 Cast: Magic Dart        ||    41
       Searing Ray       ||     1
Armor: Robe              ||     2
Dodge: Dodged            ||     9

Table legend:
 A = Non-vault XP
 B = Vault XP
 C = Vault XP percentage of total XP
 D = Non-vault monster count
 E = Vault monster count
 F = Vault count percentage of total count
                 A         B        C        D         E       F
            +---------+---------+-------+---------+---------+-------
      Total |      19 |       6 |  24.0 |      11 |       3 |  21.4
            +---------+---------+-------+---------+---------+-------
        D:1 |      19 |       6 |  24.0 |      11 |       3 |  21.4
            +---------+---------+-------+---------+---------+-------
